 Dungeon Crawl Stone Soup version 0.29.1-4-g47bece8355 (webtiles) character file.

Game seed: 14155468960617200309

259 zeram the Sneak (level 6, -3/36 HPs)
             Began as an Octopode Enchanter on Dec 9, 2022.
             Slain by an ogre
             ... wielding a +0 giant club
              (24 damage)
             ... on level 4 of the Dungeon.
             The game lasted 00:05:48 (3314 turns).

zeram the Sneak (Octopode Enchanter)                Turns: 3314, Time: 00:05:48

Health: -3/36      AC:  1    Str:  7    XL:     6   Next: 17%
Magic:  9/9        EV: 13    Int: 20    God:
Gold:   154        SH:  0    Dex: 12    Spells: 4/9 levels left

rFire   . . .      SeeInvis .   a - +1 dagger
rCold   . . .      Faith    .   (no shield)
rNeg    . . .      Spirit   .   (helmet restricted)
rPois   .          Reflect  .   (no amulet)
rElec   .          Harm     .   (no ring)
rCorr   .          Rampage  .   (no ring)
Will    .....                   (no ring)
Stlth   ++++......              (no ring)
HPRegen 0.12/turn               (no ring)
MPRegen 0.11/turn               (no ring)
                                (no ring)
                                (no ring)

@: no status effects
A: almost no armour, amphibious, 8 rings, camouflage 1, gelatinous body 1,
(nimble swimmer 1), tentacles
a: no special abilities


You were on level 4 of the Dungeon.
You visited 1 branch of the dungeon, and saw 4 of its levels.

You collected 154 gold pieces.

Inventory:

Hand Weapons
 a - a +1 dagger (weapon)
Wands
 e - a wand of iceblast (4)
Scrolls
 i - 2 scrolls of poison
 j - a scroll of teleportation
Potions
 c - a potion of curing
 d - a potion of degeneration {unknown}
 f - a potion of magic {unknown}
 g - a potion of lignification {unknown}
 k - a potion of brilliance


   Skills:
 + Level 3.2 Short Blades
 + Level 2.5 Dodging
 - Level 6.6 Stealth
 + Level 2.4 Spellcasting
 + Level 3.6 Hexes
 + Level 0.7 Ice Magic


You had 4 spell levels left.
You knew the following spells:

 Your Spells              Type           Power      Damage    Failure   Level
a - Ensorcelled Hibernat  Hex/Ice        22%        N/A       10%         2
b - Tukima's Dance        Hex            17%        N/A       10%         3

Your spell library contained the following spells:

 Spells                   Type           Power      Damage    Failure   Level
 Confusing Touch          Hex            17%        N/A       10%         3
 Foxfire                  Conj/Fire      8%         2x1d4     16%         1
 Dazzling Flash           Conj/Hex       18%        N/A       22%         3
 Inner Flame              Hex/Fire       9%         N/A       22%         3
 Conjure Flame            Conj/Fire      2%         6-21      41%         3
 Flame Wave               Conj/Fire      2%         2d4       83%         4
 Summon Forest            Summ/Tloc      1%         N/A       99%         5
 Eringya's Noxious Bog    Tmut/Pois      1%         N/A       100%        6
 Summon Hydra             Summ           1%         N/A       100%        7


Dungeon Overview and Level Annotations

Branches:
Dungeon (4/15)
 Temple: D:4-7

Altars:
Fedhas
Sif Muna

Shops:
D:2 =


Innate Abilities, Weirdness & Mutations

You cannot wear most types of armour.
You are amphibious.
You can wear up to eight rings at the same time.
Your skin changes colour to match your surroundings (Stealth+).
Your rubbery body absorbs attacks. (AC +1, EV +1)
((You are camouflaged when in or above water. (Stealth+)))
You have tentacles for arms and can constrict up to eight enemies at once.


Message History

The jackal barely misses you.
You barely miss the jackal. You grab the jackal.
The jackal is almost dead.
You constrict the jackal.
You kill the jackal!
The jackal closely misses you. The orc closely misses you.
You hit the jackal. You grab the jackal. You squeeze the jackal.
The jackal is almost dead.
You constrict the jackal, but do no damage.
The jackal misses you. The orc misses you.
An ogre comes into view. It is wielding a +0 giant club.
You hit the jackal but do no damage.
The jackal is almost dead.
You constrict the jackal.
You kill the jackal!
You hit the orc but do no damage. Your grab misses the orc.
Your squeeze misses the orc. The orc barely misses you.
You hit the orc but do no damage. You grab the orc.
You constrict the orc, but do no damage.
The orc hits you with a +0 war axe!
You hit the orc but do no damage. You squeeze the orc.
The orc is heavily wounded.
You constrict the orc, but do no damage.
The orc closely misses you.
You hit the orc.
The orc is severely wounded.
You constrict the orc, but do no damage.
The orc barely misses you.
You hit the orc but do no damage.
The orc is severely wounded.
You constrict the orc. The orc hits you with a +0 war axe!
You barely miss the orc. You squeeze the orc.
You kill the orc!
You barely miss the ogre. You squeeze the ogre.
The ogre is lightly wounded.
You hit the ogre.
The ogre is moderately wounded.
The ogre hits you with a +0 giant club!!
Ouch! That really hurt!
You die...

..... .... ...#
#### ...#
#<.##...#
#†..#...#
##.'#†$.#+
###@....#
.......O)......
.........♣.....
.......... ....
....###.... ###
...# .#...# ...
. ...# .. #
..$#


You could see an ogre.

Vanquished Creatures
  A hound (D:4)
  Ijyb (D:3)
  Crazy Yiuf (D:3)
  Natasha (thrice) (D:2)
  Robin (D:3)
  2 adders (D:3)
  A worm (D:3)
  2 orcs
  11 ball pythons
  2 bats (D:1)
  5 endoplasms
  11 goblins
  6 hobgoblins (D:3)
  5 jackals
  6 kobolds
  A quokka (D:3)
  3 frilled lizards
  9 rats
  A spectral hobgoblin (D:1)
72 creatures vanquished.

Notes
Turn   | Place    | Note
-------+----------+-------------------------------------------
     0 | D:1      | zeram the Octopode Enchanter began the quest for the Orb.
     0 | D:1      | Reached XP level 1. HP: 11/11 MP: 3/3
    69 | D:1      | Reached XP level 2. HP: 14/17 MP: 5/5
   139 | D:1      | Found a faded altar of an unknown god.
   556 | D:1      | Reached XP level 3. HP: 21/21 MP: 6/6
   559 | D:1      | Learned a level 2 spell: Ensorcelled Hibernation
   563 | D:1      | Learned a level 3 spell: Tukima's Dance
   916 | D:2      | Noticed Natasha
   926 | D:2      | Killed Natasha
   927 | D:2      | Reached skill level 5 in Stealth
   982 | D:2      | Found a blossoming altar of Fedhas.
   983 | D:2      | Found Opresy's Jewellery Shoppe.
  1182 | D:2      | Reached XP level 4. HP: 27/27 MP: 7/7
  1202 | D:2      | Noticed Natasha
  1207 | D:2      | Killed Natasha
  1463 | D:2      | Noticed Natasha
  1473 | D:2      | Killed Natasha
  1474 | D:2      | Reached skill level 6 in Stealth
  1755 | D:3      | Reached XP level 5. HP: 31/31 MP: 8/8
  1757 | D:3      | Noticed Ijyb
  1769 | D:3      | Killed Ijyb
  1880 | D:3      | Noticed Robin
  1899 | D:3      | HP: 1/31 [Robin/+0 club (1)]
  1902 | D:3      | Killed Robin
  2687 | D:3      | Found a shimmering blue altar of Sif Muna.
  2736 | D:3      | Found a runed translucent door.
  2737 | D:3      | Noticed Crazy Yiuf
  3146 | D:3      | Killed Crazy Yiuf
  3297 | D:4      | Reached XP level 6. HP: 36/36 MP: 9/9
  3314 | D:4      | Slain by an ogre

Illustrated notes

Levels and vault maps discovered:
D:1:      heliophobic_arrival_enchanted_forest, layout_basic,
          dreamdust_ecumenical_altar_drowned_temple
D:2:      layout_basic, serial_shops, shop, basic_altar, uniq_natasha
D:3:      layout_basic, mainiacjoe_overflow_small_starburst,
          palyth_stone_intersect, uniq_ijyb, uniq_robin, uniq_crazy_yiuf_cottage
D:4:      layout_cave_pools, mainiacjoe_overflow_alcove_4, grunt_ministairs_6,
          chequers_jeans

Skill      XL: |  1  2  3  4  5 |
---------------+----------------+-----
Stealth        | 5 6 |  6.6
Short Blades   | 2 3 |  3.2
Dodging        | |  2.5
Spellcasting   | |  2.4
Hexes          | |  3.6
Ice Magic      | |  0.7

Action                   |  1- 3 |  4- 6 || total
-------------------------+-------+-------++-------
Melee: Dagger            |    56 |    99 ||   155
       Constrict         |    10 |    21 ||    31
       Tentacles         |     9 |    19 ||    28
       Punch             |       |     1 ||     1
 Cast: Ensorcelled Hiber |       |     9 ||     9
  Use: Scroll            |       |     6 ||     6
       Potion            |       |     3 ||     3
 Stab: Sleeping          |    15 |     8 ||    23
       Distracted        |       |     1 ||     1
       Invisible         |       |     2 ||     2
Armor: Skin              |     2 |     7 ||     9
Dodge: Dodged            |    25 |    52 ||    77
